 Dungeon Crawl Stone Soup version 0.21.0-37-g46506fa (webtiles) character file.

96317 pk666 the Severer (level 15, -6/149 HPs)
             Began as a Minotaur Berserker on Feb 1, 2018.
             Was a High Priest of Trog.
             Mangled by an ettin
             ... wielding a +0 great mace
              (26 damage)
             ... on level 1 of the Orcish Mines.
             The game lasted 01:13:19 (29545 turns).

pk666 the Severer (Minotaur Berserker)             Turns: 29545, Time: 01:13:20

Health: -6/149     AC: 27    Str: 26    XL:     15   Next: 68%
Magic:  4/4        EV: 11    Int:  4    God:    Trog [*****.]
Gold:   2029       SH:  0    Dex: 10    Spells: 14/14 levels left

rFire    . . .     SeeInvis .   e - +4 executioner's axe (antimagic)
rCold    . . .     Gourm    +   (shield currently unavailable)
rNeg     . . .     Faith    .   A - +0 plate armour
rPois    .         Spirit   .   (helmet restricted)
rElec    .         Reflect  .   P - +2 cloak
rCorr    +         Harm     .   G - +2 pair of gloves
MR       ++...                  n - +1 pair of boots
Stlth    ..........             S - amulet of the gourmand
HPRegen  0.34/turn              g - ring of protection from magic
MPRegen  0.09/turn              Q - ring of resist corrosion

@: berserk cooldown, slowed, very slow
A: retaliatory headbutt, horns 2, weak 1
a: Berserk, Trog's Hand, Brothers in Arms, Burn Spellbooks, Renounce Religion


You were on level 1 of the Orcish Mines.
You worshipped Trog.
Trog was extremely pleased with you.
You were very full.

You visited 4 branches of the dungeon, and saw 24 of its levels.

You collected 2029 gold pieces.

Inventory:

Hand Weapons
 e - a +4 antimagic executioner's axe (weapon)
 H - the +1 battleaxe of Strategic Superiority {antimagic, rF+ MR- SInv}
   (Trog gifted it to you on level 1 of the Lair of Beasts)

   It reduces the magical energy of the wielder, and disrupts the spells and
   magical abilities of those hit.
   Natural abilities and divine invocations are not affected.
   It protects you from fire.
   It affects your resistance to hostile enchantments.
   It lets you see invisible.
Missiles
 C - 2 javelins of penetration (quivered)
Armour
 n - a +1 pair of boots (worn)
 A - a +0 plate armour (worn)
 G - a +2 pair of gloves (worn)
 M - the +1 chain mail of Mezcal {*Contam rN+ Str+4 Int+2}
   (You found it on level 10 of the Dungeon)

   It affects your strength (+4).
   It affects your intelligence (+2).
   It protects you from negative energy.
   It causes magical contamination when unequipped.
 P - a +2 cloak (worn)
Jewellery
 g - a ring of protection from magic (left hand)
 o - an uncursed ring of flight
 r - an uncursed ring of protection from magic
 u - an uncursed amulet of guardian spirit
 Q - a ring of resist corrosion (right hand)
 R - a +3 ring of dexterity
 S - an amulet of the gourmand (around neck)
 W - a +5 ring of intelligence {unknown}
Wands
 i - a wand of polymorph (21)
 p - a wand of iceblast (14)
 t - a wand of paralysis (8)
 v - a wand of enslavement (7)
 w - a wand of digging (13)
 y - a wand of flame (54)
 E - a wand of acid (20)
 J - a wand of random effects (114)
 N - a wand of disintegration (51)
Scrolls
 a - a scroll of fog
 b - 6 scrolls of teleportation
 d - 6 scrolls of enchant armour
 f - 2 scrolls of enchant weapon
 h - 20 scrolls of identify
 j - 4 scrolls of magic mapping
 k - 9 scrolls of remove curse
 m - a scroll of silence {unknown}
 q - 2 scrolls of acquirement {unknown}
 D - a scroll of fear {unknown}
 I - 2 scrolls of blinking {unknown}
 O - a scroll of summoning {unknown}
 T - a scroll of brand weapon {unknown}
Potions
 l - 9 potions of curing
 s - 4 potions of flight
 x - a potion of ambrosia
 z - 3 potions of might
 B - 3 potions of heal wounds
 F - 3 potions of haste {unknown}
 K - 2 potions of magic
 U - a potion of resistance
 V - a potion of berserk rage {unknown}
 X - 2 potions of brilliance
 Y - 2 potions of invisibility {unknown}
Miscellaneous
 L - a lightning rod (4/4)
Comestibles
 c - 30 rations
 Z - 8 chunks of flesh


   Skills:
 + Level 18.0 Fighting
 * Level 20.1 Axes
 + Level 16.1 Armour
 + Level 7.0 Dodging


You had 14 spell levels left.
You didn't know any spells.

Dungeon Overview and Level Annotations

Branches:
Dungeon (15/15)            Temple (1/1) D:4            Lair (6/6) D:8
  Swamp (0/4) Lair:3        Snake (0/4) Lair:3        Slime (0/5) Lair:5
    Orc (2/2) D:11            Elf (0/3) Orc:2        Vaults (0/5) D:13
 Depths (0/5) D:15

Altars:
Ashenzari
Dithmenos
Fedhas
Gozag
Hepliaklqana
Nemelex Xobeh
Okawaru
Ru
Sif Muna
Uskayaw
Vehumet
Zin
The Shining One
Beogh

Shops:
D:13 [   D:14 ?   Orc:2 =


Innate Abilities, Weirdness & Mutations

You reflexively headbutt those who attack you in melee.
You have a pair of horns on your head.
You are weak. (Str -2)


Message History

The ettin closely misses you. You furiously retaliate!
You headbutt the ettin! The ettin closely misses you.
The troll bites you but does no damage. The troll claws you.
* * * LOW HITPOINT WARNING * * *
The troll barely misses you. The ogre hits you but does no damage.
The ettin hits you with a great mace!!
* * * LOW HITPOINT WARNING * * *
The ettin closely misses you.
Okay, then.
Okay, then.
You feel much better. The ogre barely misses you.
The troll bites you but does no damage. The troll claws you!
* * * LOW HITPOINT WARNING * * *
The troll claws you.
* * * LOW HITPOINT WARNING * * *
The ogre barely misses you. The ettin barely misses you.
You furiously retaliate!
You headbutt the ettin, but do no damage.
The ettin hits you with a dire flail!!
You die...

##.##...........## ##
#...#.#.........# .##
##.............## ..#
##.............# .##
######.#.........#
.#####.#.#.#..........##
...##..))..............#
........)#.....C......##
...#...)#......T@O....##
.##.#............O.....#
......................##
.#..#..................#
........#..............#
...##........#........##
..###.........#..#....#
.## ##............##.##
.# #......#......####


You could see an ettin, a troll and 2 ogres.

Vanquished Creatures
  Kirke (D:15)
  The ghost of pk666 the Warrior, a journeyman MiBe of Trog (Lair:1)
  The ghost of Lovchig the Cleaver, a journeyman DDFi of Makhleb (D:12)
  The ghost of pk666 the Severer, a journeyman MiBe of Trog (Lair:2)
  The ghost of tidbits the Thaumaturge, a journeyman GnEE of Cheibriados (Orc:1)
  The ghost of troglodite the Blocker, a journeyman DsBe of Trog (Orc:2)
  An ice dragon (D:15)
  8 vault guards (D:13)
  6 hydras
  3 centaur warriors
  A death knight (D:15)
  2 catoblepae
  An ogre mage (Orc:2)
  10 death yaks
  8 two-headed ogres
  Urug (Lair:4)
  3 tengu warriors (D:15)
  An unseen horror (D:15)
  6 skeletal warriors
  A deep troll (Orc:2)
  2 phantasmal warriors (D:15)
  An orc knight (D:15)
  A manticore (D:15)
  2 ugly things
  6 elephants (Lair:5)
  3 cyclopes
  2 black mambas
  Joseph (D:8)
  Psyche (D:8)
  4 centaur skeletons
  3 centaur zombies
  6 gargoyles
  10 spiny frogs
  A rime drake (Lair:6)
  12 komodo dragons
  A redback zombie (D:15)
  2 efreet
  A queen bee (shapeshifter) (D:14)
  A tengu conjurer (D:14)
  5 polar bears
  10 trolls
  6 hornets (Lair:6)
  3 slime creatures (D:15)
  7 blink frogs (Lair:6)
  8 hippogriffs
  A meliai zombie (D:15)
  15 dream sheep
  2 shadows
  14 spriggans
  43 yaks
  A wraith (D:15)
  6 wyverns
  2 basilisks (Lair:2)
  A vampire (D:14)
  A steam dragon (D:13)
  2 hogs (D:15)
  9 vampire mosquitoes
  2 hungry ghosts
  Menkaure (D:4)
  A warg (Orc:2)
  4 swamp worms (Lair:3)
  3 acid dragons
  13 water moccasins
  7 porcupines
  4 black bears
  7 ice beasts
  14 orc warriors
  4 sky beasts
  An eye of draining (D:14)
  3 necrophages
  2 phantoms
  29 wolves
  4 boggarts (Lair:6)
  13 ogres
  7 crocodiles
  10 centaurs
  2 big kobolds
  16 bullfrogs
  3 wyvern zombies
  A wyvern skeleton (D:14)
  A scorpion (D:6)
  5 killer bees (D:9)
  4 electric eels
  3 howler monkeys
  4 crimson imps
  A bullfrog zombie (D:10)
  8 hounds
  3 jellies
  A quasit (D:12)
  11 orc priests
  A bullfrog skeleton (D:12)
  3 iguanas
  14 orc wizards
  15 worker ants
  A hound zombie (D:9)
  3 hound skeletons
  7 gnolls
  14 adders
  A howler monkey skeleton (D:11)
  An ooze (D:1)
  An adder skeleton (D:6)
  2 adder zombies (D:6)
  2 worms (D:2)
  4 dart slugs
  5 leopard geckos
  54 orcs
  4 giant cockroaches
  4 goblins
  3 hobgoblins
  7 jackals
  11 kobolds
  5 quokkas
  4 bats
  6 frilled lizards
  A leopard gecko zombie (D:8)
  6 rats
  A fungus (Lair:3)
  3 plants
629 creatures vanquished.

Vanquished Creatures (collateral kills)
  3 hydras
  An ice dragon (D:15)
  A skeletal warrior (D:15)
  2 blink frogs (Lair:6)
  2 yaks (Lair:6)
  An ogre (Orc:2)
  An orc wizard (D:15)
11 creatures vanquished.

Vanquished Creatures (others)
  A human (D:15)
  11 fungi
  16 plants
28 creatures vanquished.

Grand Total: 668 creatures vanquished

Notes
Turn   | Place    | Note
-------+----------+-------------------------------------------
     0 | D:1      | pk666 the Minotaur Berserker began the quest for the Orb.
     0 | D:1      | Reached XP level 1. HP: 19/19 MP: 0/0
    38 | D:1      | Reached skill level 4 in Axes
    43 | D:1      | Reached XP level 2. HP: 11/27 MP: 1/1
   631 | D:2      | Reached XP level 3. HP: 33/34 MP: 2/2
   718 | D:2      | Reached ** piety under Trog
   928 | D:2      | Found a glowing golden altar of the Shining One.
  1252 | D:3      | Reached XP level 4. HP: 41/41 MP: 3/3
  1311 | D:3      | Reached skill level 5 in Fighting
  1311 | D:3      | Reached skill level 5 in Axes
  1816 | D:3      | Found a radiant altar of Vehumet.
  2079 | D:4      | Noticed an ogre
  2084 | D:4      | Killed an ogre
  2084 | D:4      | Reached XP level 5. HP: 26/50 MP: 4/4
  2136 | D:4      | Noticed Menkaure
  2137 | D:4      | Noticed a centaur
  2151 | D:4      | Killed Menkaure
  2151 | D:4      | Reached skill level 6 in Axes
  2151 | D:4      | Reached XP level 6. HP: 58/58 MP: 5/5
  2264 | D:4      | Found a staircase to the Ecumenical Temple.
  2280 | Temple   | Entered the Ecumenical Temple
  2407 | D:4      | Reached skill level 7 in Axes
  2926 | D:5      | Entered Level 5 of the Dungeon
  3048 | D:5      | Reached XP level 7. HP: 62/66 MP: 6/6
  3127 | D:5      | Reached *** piety under Trog
  3322 | D:5      | Reached skill level 8 in Axes
  3898 | D:6      | Reached XP level 8. HP: 55/77 MP: 4/7
  3947 | D:6      | Reached skill level 9 in Axes
  4136 | D:6      | Reached **** piety under Trog
  4545 | D:7      | Reached skill level 10 in Fighting
  4545 | D:7      | Reached skill level 10 in Axes
  4888 | D:7      | Reached XP level 9. HP: 40/86 MP: 5/8
  5388 | D:8      | Reached skill level 5 in Armour
  5436 | D:8      | Reached ***** piety under Trog
  5482 | D:8      | Reached skill level 11 in Axes
  5514 | D:8      | Found an opulent altar of Gozag.
  5683 | D:8      | Found a staircase to the Lair.
  5706 | D:8      | Received a gift from Trog
  5735 | D:8      | Noticed Joseph
  5759 | D:8      | Killed Joseph
  6079 | D:8      | Noticed Psyche
  6086 | D:8      | Paralysed by Psyche for 7 turns
  6103 | D:8      | Killed Psyche
  6273 | D:8      | Reached XP level 10. HP: 91/96 MP: 7/9
  6539 | D:8      | Found a deep blue altar of Sif Muna.
  6721 | Lair:1   | Entered Level 1 of the Lair of Beasts
  6727 | Lair:1   | Noticed pk666's ghost (journeyman MiBe)
  6742 | Lair:1   | Killed pk666's ghost
  6742 | Lair:1   | Reached skill level 12 in Axes
  7437 | Lair:1   | Noticed a spiny frog
  7446 | Lair:1   | Killed a spiny frog
  7824 | Lair:1   | Received a gift from Trog
  7831 | Lair:1   | Got an iridescent battleaxe {god gift}
  7839 | Lair:1   | Identified the +1 battleaxe of Strategic Superiority {antimagic, rF+ MR- SInv} (Trog gifted it to you on level 1 of the Lair of Beasts)
  8281 | Lair:2   | Noticed pk666's ghost (journeyman MiBe)
  8281 | Lair:2   | Noticed a five-headed hydra
  8303 | Lair:2   | Killed a six-headed hydra
  8325 | Lair:2   | HP: 6/148 [pk666's ghost (6)]
  8328 | Lair:2   | Killed pk666's ghost
  8792 | Lair:2   | Reached XP level 11. HP: 62/106 MP: 1/10
  8801 | Lair:2   | Reached skill level 13 in Axes
  9961 | Lair:3   | Reached skill level 10 in Armour
 10248 | Lair:3   | Found a staircase to the Snake Pit.
 10680 | Lair:3   | Found a staircase to the Swamp.
 11480 | Lair:4   | Noticed a four-headed hydra
 11488 | Lair:4   | Killed an eight-headed hydra
 11534 | Lair:4   | Noticed a catoblepas
 11566 | Lair:4   | Killed a catoblepas
 11566 | Lair:4   | Reached skill level 14 in Axes
 11887 | Lair:4   | Noticed a four-headed hydra
 11895 | Lair:4   | Killed an eight-headed hydra
 11955 | Lair:4   | Noticed Urug
 12124 | Lair:4   | Killed Urug
 12124 | Lair:4   | Reached XP level 12. HP: 20/118 MP: 0/11
 12462 | Lair:4   | Noticed a death yak
 12463 | Lair:4   | Noticed a death yak
 12482 | Lair:4   | Noticed a death yak
 12483 | Lair:4   | Noticed a death yak
 12490 | Lair:5   | Killed a death yak
 12583 | Lair:4   | Noticed a death yak
 12584 | Lair:4   | Noticed a death yak
 12592 | Lair:5   | Killed a death yak
 12690 | Lair:5   | Killed a death yak
 12778 | Lair:4   | Killed a death yak
 12780 | Lair:4   | Killed a death yak
 12780 | Lair:4   | Killed a death yak
 12932 | Lair:4   | Received a gift from Trog
 12933 | Lair:4   | Reached skill level 15 in Fighting
 12933 | Lair:4   | Reached skill level 15 in Axes
 13092 | Lair:4   | Noticed a five-headed hydra
 13107 | Lair:4   | Killed a nine-headed hydra
 14088 | Lair:5   | Noticed a death yak
 14098 | Lair:5   | Killed a death yak
 14098 | Lair:5   | Received a gift from Trog
 14462 | Lair:5   | Noticed a death yak
 14462 | Lair:5   | Noticed a death yak
 14463 | Lair:5   | Noticed a death yak
 14472 | Lair:5   | Killed a death yak
 14474 | Lair:5   | Killed a death yak
 14474 | Lair:5   | Reached XP level 13. HP: 68/127 MP: 1/12
 15262 | Lair:5   | Reached skill level 16 in Axes
 16212 | Lair:5   | Found a staircase to the Slime Pits.
 16361 | Lair:6   | Entered Level 6 of the Lair of Beasts
 17078 | Lair:6   | Received a gift from Trog
 17083 | Lair:6   | Reached skill level 17 in Axes
 18340 | Lair:6   | Reached XP level 14. HP: 127/138 MP: 4/13
 19331 | Lair:6   | Got an iridescent battleaxe
 19332 | Lair:6   | Identified the cursed +1 battleaxe of Trauma {flame, rElec rF+++ rC+ Dex-5} (You found it on level 6 of the Lair of Beasts)
 19918 | D:9      | Reached skill level 18 in Axes
 19956 | D:9      | Received a gift from Trog
 19974 | D:9      | Found a hide-covered altar of Uskayaw.
 19976 | D:9      | Found a blossoming altar of Fedhas.
 19981 | D:9      | Found a hazy altar of Hepliaklqana.
 20074 | D:9      | Found a sparkling altar of Nemelex Xobeh.
 20506 | D:10     | Entered Level 10 of the Dungeon
 20678 | D:10     | Got a slimy chain mail
 20689 | D:10     | Identified the cursed +1 chain mail of Mezcal {*Contam rN+ Str+4 Int+2} (You found it on level 10 of the Dungeon)
 20761 | D:10     | Gained mutation: You are weak. (Str -2) [mutagenic glow]
 22197 | D:11     | Found a staircase to the Orcish Mines.
 22904 | D:12     | Received a gift from Trog
 23124 | D:12     | Reached skill level 15 in Armour
 23418 | D:12     | Found an iron altar of Okawaru.
 23913 | D:12     | Noticed Lovchig's ghost (journeyman DDFi)
 23930 | D:12     | Killed Lovchig's ghost
 24515 | D:13     | Found a radiant altar of Vehumet.
 24552 | D:13     | Found a gate to the Vaults.
 24586 | D:13     | Reached skill level 19 in Axes
 25334 | D:13     | Found Solaiwna's Antique Armour Shop.
 25632 | D:14     | Reached skill level 5 in Dodging
 25633 | D:14     | Reached XP level 15. HP: 134/146 MP: 4/14
 25775 | D:14     | Found Ariss's Magic Scroll Shop.
 26221 | D:15     | Entered Level 15 of the Dungeon
 26235 | D:15     | Noticed Kirke
 26246 | D:15     | Killed Kirke
 26684 | D:15     | HP: 6/220 [skeletal warrior/glaive[a skeletal warrior] (11)]
 27189 | D:15     | Received a gift from Trog
 27847 | D:15     | Found a staircase to the Depths.
 28527 | Orc:1    | Entered Level 1 of the Orcish Mines
 28527 | Orc:1    | Found a roughly hewn altar of Beogh.
 28553 | Orc:1    | Noticed tidbits's ghost (journeyman GnEE)
 28599 | Orc:1    | Killed tidbits's ghost
 29050 | Orc:1    | Found a roughly hewn altar of Beogh.
 29411 | Orc:2    | Entered Level 2 of the Orcish Mines
 29432 | Orc:2    | Noticed troglodite's ghost (journeyman DsBe)
 29453 | Orc:2    | Killed troglodite's ghost
 29481 | Orc:2    | Found a staircase to the Elven Halls.
 29516 | Orc:2    | Reached skill level 20 in Axes
 29529 | Orc:2    | Received a gift from Trog
 29538 | Orc:2    | Found Tinleech's Jewellery Boutique.
 29544 | Orc:1    | HP: 1/149 [ettin/great mace (31)]
 29545 | Orc:1    | Mangled by an ettin

Skill      XL: |  1  2  3  4  5  6  7  8  9 10 11 12 13 14 15 |
---------------+----------------------------------------------+-----
Fighting       | 4 5 6 7 8 10 11 12 14 15 16 17 18 | 18.0
Axes           | 4 5 6 7 8 10 11 12 14 15 17 19 20 | 20.1
Armour         | 4 6 9 11 13 14 15 16 | 16.1
Dodging        | 5 7 |  7.0

Action                   |  1- 3 |  4- 6 |  7- 9 | 10-12 | 13-15 || total
-------------------------+-------+-------+-------+-------+-------++-------
Melee: Hand axe          |    62 |    88 |   270 |     6 |       ||   426
       Headbutt          |     9 |    11 |    57 |    84 |   177 ||   338
       Battleaxe         |       |       |       |   278 |       ||   278
       War axe           |       |       |       |    37 |       ||    37
       Executioner's axe |       |       |       |    28 |   934 ||   962
Throw: Javelin           |       |       |     4 |       |       ||     4
Invok: Berserk           |       |     1 |     1 |     7 |     8 ||    17
       Burn Spellbooks   |       |       |     1 |     3 |     1 ||     5
       Brothers in Arms  |       |       |       |     1 |     5 ||     6
  Use: Potion            |       |     2 |       |     3 |     3 ||     8
       Scroll            |       |       |       |    21 |     4 ||    25
  Eat: Chunk             |       |     6 |    15 |    25 |    65 ||   111
       Ration            |       |       |       |     2 |     2 ||     4
Armor: Animal skin       |     7 |     2 |       |       |       ||     9
       Chain mail        |       |    21 |    45 |       |       ||    66
       Plate armour      |       |       |    87 |   256 |   834 ||  1177
Dodge: Dodged            |    47 |    35 |    81 |   164 |   501 ||   828
